 Dungeon Crawl Stone Soup version 0.27-a0-978-g2aa4ecdaef (webtiles) character file.

Game seed: 1034788034509422279

70 tardwrangler69 the Digger (level 4, -7/33 HPs)
             Began as a Draconian Earth Elementalist on Apr 14, 2021.
             Mangled by a gnoll
             ... wielding a +0 spear
              (10 damage)
             ... on level 2 of the Dungeon.
             The game lasted 00:02:15 (3212 turns).

tardwrangler69 the Digger (DrEE)                    Turns: 3212, Time: 00:02:15

Health: -7/33      AC:  6    Str: 10    XL:     4   Next: 4%
Magic:  0/7        EV: 12    Int: 16    God:
Gold:   34         SH:  0    Dex: 12    Spells: 7/8 levels left

rFire    . . .     SeeInvis .   d - +0 whip
rCold    . . .     Faith    .   (no shield)
rNeg     . . .     Spirit   .   (armour unavailable)
rPois    .         Reflect  .   (helmet restricted)
rElec    .         Harm     .   k - +0 cloak
rCorr    .         Rampage  .   (no gloves)
Will     .....                  (no boots)
Stlth    ++........             (no amulet)
HPRegen  0.11/turn              (no ring)
MPRegen  0.10/turn              (no ring)

@: no status effects
A: AC +5, unfitting armour, cold-blooded
a: no special abilities


You were on level 2 of the Dungeon.
You visited 1 branch of the dungeon, and saw 2 of its levels.

You collected 34 gold pieces.

Inventory:

Hand Weapons
 d - a +0 whip (weapon)
Missiles
 b - 63 stones
Armour
 k - a +0 cloak (worn)
Scrolls
 a - a scroll of magic mapping {unknown}
 c - 3 scrolls of fog {unknown}
 f - a scroll of identify {unknown}
 i - a scroll of blinking {unknown}
 j - a scroll of silence {unknown}
Potions
 g - a potion of might {unknown}
 h - a potion of flight {unknown}


   Skills:
 + Level 2.4 Dodging
 - Level 1.7 Stealth
 + Level 2.5 Spellcasting
 - Level 1.0 Transmutations
 * Level 4.1 Earth Magic


You had 7 spell levels left.
You knew the following spells:

 Your Spells              Type           Power      Damage    Failure   Level
a - Sandblast             Erth           30%        2d9       3%          1

Your spell library contained the following spells:

 Spells                   Type           Power      Damage    Failure   Level
 Passwall                 Tmut/Erth      8%         N/A       11%         2
 Stone Arrow              Conj/Erth      16%        3d8       26%         3
 Petrify                  Tmut/Erth      10%        N/A       56%         4
 Lee's Rapid Deconstruct  Erth           7%         3d8*      69%         5


Dungeon Overview and Level Annotations

Branches:
Dungeon (2/15)

Altars:


Innate Abilities, Weirdness & Mutations

Your plain brown scales are hard. (AC +5)
You cannot fit into any form of body armour.
You are cold-blooded and may be slowed by cold attacks.


Message History

* * * LOW HITPOINT WARNING * * *
It was a potion of curing.
You feel better. The gnoll misses you. The gnoll hits you but does no damage.
Casting: Sandblast (safe; 3% risk of failure)
Confirm with . or Enter, or press ? or * to list all spells.
Aiming: Sandblast (safe; 3% risk of failure)
Press: ? - help, Shift-Dir - straight line, f/p - gnoll
Aim: a gnoll, wielding a +0 flail (severely wounded, 18% to evade)
The blast of sand misses the gnoll.
The gnoll hits you with a +0 flail.
* * * LOW HITPOINT WARNING * * *
The gnoll barely misses you.
Casting: Sandblast (safe; 3% risk of failure)
Confirm with . or Enter, or press ? or * to list all spells.
Aiming: Sandblast (safe; 3% risk of failure)
Press: ? - help, Shift-Dir - straight line, f/p - gnoll
Aim: a gnoll, wielding a +0 flail (severely wounded, 18% to evade)
The blast of sand hits the gnoll!
You kill the gnoll!
The gnoll hits you from afar with a +0 spear.
* * * LOW HITPOINT WARNING * * *
You have reached level 4!
You feel agile.
Casting: Sandblast (safe; 3% risk of failure)
Confirm with . or Enter, or press ? or * to list all spells.
Aiming: Sandblast (safe; 3% risk of failure)
Press: ? - help, Shift-Dir - straight line, f - gnoll
Aim: a gnoll, wielding a +0 spear (18% to evade)
The blast of sand hits the gnoll.
The gnoll is moderately wounded.
The gnoll hits you from afar with a +0 spear.
* * * LOW HITPOINT WARNING * * *
Casting: Sandblast (safe; 3% risk of failure)
Confirm with . or Enter, or press ? or * to list all spells.
Aiming: Sandblast (safe; 3% risk of failure)
Press: ? - help, Shift-Dir - straight line, f/p - gnoll
Aim: a gnoll, wielding a +0 spear (moderately wounded, 18% to evade)
The blast of sand hits the gnoll but does no damage.
The gnoll is moderately wounded.
The gnoll hits you from afar with a +0 spear!
You die...

.# #........# #..#
####..÷.....# ##.#
............# ###### #.##
#♣.♣♣..#P♣♣§###§...♣ ♣♣##..#
..♣♣♣.).♣.§§§§.♣♣.♣♣♣♣.P.♣.#
.♣....♣♣♣♣.♣♣♣♣.♣.# #....♣.#
♣♣.♣♣.♣.♣.§♣♣♣..♣##.##.♣...#
♣.P..♣..♣....♣..#)g/.+#...##
.♣♣♣P.♣♣♣P.♣....@##.##♣...#
♣.÷.8P..♣♣..♣.♣.♣.###♣...♣#
..[.........♣..♣♣...♣.♣..#
♣.8.⌠.8...♣..♣P....♣.♣♣.##
....^...♣.P....♣♣.♣..♣.§.
♣.♣.8.P.♣♣..♣♣♣.♣.♣.♣.§§.#
♣♣.♣♣.♣.♣.)♣.♣ .♣.♣.♣♣§♣..
P....♣..♣....♣ r..♣..§§P..#
.♣♣♣..♣♣♣..♣.P ..♣..♣P♣..♣#


You could see a gnoll.

Vanquished Creatures
  A gnoll (D:2)
  A worm (D:2)
  2 dart slugs (D:1)
  5 endoplasms
  A giant cockroach (D:2)
  5 goblins (D:1)
  6 hobgoblins
  3 jackals (D:1)
  4 quokkas
  4 ball pythons
  6 bats
  4 frilled lizards
  5 kobolds
  2 rats
49 creatures vanquished.

Vanquished Creatures (others)
  33 plants (D:2)
33 creatures vanquished.

Grand Total: 82 creatures vanquished

Notes
Turn   | Place    | Note
-------+----------+-------------------------------------------
     0 | D:1      | tardwrangler69 the Draconian Earth Elementalist began the
                  | quest for the Orb.
     0 | D:1      | Reached XP level 1. HP: 14/14 MP: 3/3
   889 | D:1      | Reached XP level 2. HP: 16/20 MP: 5/5
  1702 | D:1      | Reached XP level 3. HP: 8/26 MP: 4/6
  2352 | D:1      | Found a faded altar of an unknown god.
  2832 | D:2      | Reached skill level 4 in Earth Magic
  3207 | D:2      | HP: 1/26 [gnoll/+0 spear (1)]
  3211 | D:2      | Reached XP level 4. HP: 6/33 MP: 2/7
  3212 | D:2      | Mangled by a gnoll

Illustrated notes

Levels and vault maps discovered:
D:1:      amcnicky_arrival_feature_with_door, layout_basic,
          chequers_ecumenical_altar_twisty
D:2:      wad_woods_tower, layout_basic

Skill      XL: |  1  2  3 |
---------------+----------+-----
Dodging        | 2 |  2.4
Earth Magic    | 4 |  4.1
Stealth        | |  1.7
Spellcasting   | |  2.5
Transmutations | |  1.0

Action                   |  1- 3 |  4- 6 || total
-------------------------+-------+-------++-------
Melee: Unarmed           |    18 |       ||    18
       Whip              |   181 |       ||   181
       Short sword       |     5 |       ||     5
       Tailslap          |    18 |       ||    18
 Cast: Sandblast         |    19 |     2 ||    21
  Use: Potion            |     1 |       ||     1
 Stab: Sleeping          |     8 |       ||     8
       Distracted        |     1 |       ||     1
Armor: Skin              |    97 |       ||    97
Dodge: Dodged            |   191 |       ||   191

Table legend: (Time is in decaauts)
 A = Elapsed time spent in this place.
 B = Non-inter-level travel time spent in this place.
 C = Inter-level travel time spent in this place.
 D = Time resting spent in this place.
 E = Time spent auto-exploring this place.
 F = Levels seen in this place.
 G = Mean time per level.
                   A        B        C        D        E       F      G
               +--------+--------+--------+--------+--------+-----+--------+
         Total |   3232 |   3202 |     30 |     68 |   2645 |   2 | 1616.0 |
       Dungeon |   3232 |   3202 |     30 |     68 |   2645 |   2 | 1616.0 |
               +--------+--------+--------+--------+--------+-----+--------+

Top non-repeatable levels by time:
     D:1: 2461 daAuts
     D:2: 770 daAuts
